 Dungeon Crawl Stone Soup version 0.29-a0-643-ga013cefcf8 (webtiles) character file.

Game seed: 2334715115324565526

175 DocClef the Skirmisher (level 5, 0/36 HPs)
             Began as a Tengu Fighter on June 19, 2022.
             Slain by an ogre
             ... wielding a +0 giant club
              (20 damage)
             ... on level 4 of the Dungeon.
             The game lasted 00:02:50 (2804 turns).

DocClef the Skirmisher (Tengu Fighter)              Turns: 2804, Time: 00:02:50

Health: 0/36       AC:  6    Str: 17    XL:     5   Next: 55%
Magic:  6/6        EV: 11    Int:  8    God:
Gold:   158        SH:  0    Dex: 15    Spells: 4/4 levels left

rFire   . . .      SeeInvis .   a - +0 long sword
rCold   . . .      Faith    .   k - orb {*Rage}
rNeg    . . .      Spirit   .   b - +0 scale mail
rPois   .          Reflect  .   (helmet restricted)
rElec   .          Harm     .   (no cloak)
rCorr   .          Rampage  .   (no gloves)
Will    .....      Rage     20% (boots unavailable)
Stlth   ..........              h - amulet of regeneration
HPRegen 0.92/turn               (no ring)
MPRegen 0.10/turn               (no ring)

@: flying quickly and evasively, quick
A: beak, talons 3, nimble flight
a: no special abilities


You were on level 4 of the Dungeon.
You visited 1 branch of the dungeon, and saw 4 of its levels.

You collected 158 gold pieces.

Inventory:

Hand Weapons
 a - a +0 long sword (weapon)
Armour
 b - a +0 scale mail (worn)
 c - a +0 buckler
 k - an orb of wrath (worn)
Jewellery
 h - an amulet of regeneration (around neck)
Wands
 o - a wand of acid (15)
Scrolls
 e - 2 scrolls of immolation {unknown}
 f - a scroll of teleportation {unknown}
 j - a scroll of magic mapping {unknown}
 m - a scroll of brand weapon {unknown}
 p - a scroll of identify {unknown}
 s - a scroll of vulnerability {unknown}
Potions
 d - 3 potions of might
 g - 2 potions of lignification {unknown}
 i - 2 potions of heal wounds {unknown}
 l - a potion of ambrosia {unknown}
 n - a potion of invisibility {unknown}
 q - a potion of magic {unknown}
 r - 3 potions of degeneration {unknown}
 t - a potion of berserk rage {unknown}


   Skills:
 + Level 6.1 Fighting
 - Level 2.1 Long Blades
 - Level 3.2 Armour
 - Level 3.0 Shields


You had 4 spell levels left.
You didn't know any spells.
Your spell library contained the following spells:

 Spells                   Type           Power      Damage    Failure   Level
 Foxfire                  Conj/Fire      0%         2x1d4     82%         1
 Conjure Flame            Conj/Fire      0%         6-21      99%         3
 Inner Flame              Hex/Fire       0%         N/A       99%         3
 Flame Wave               Conj/Fire      0%         2d4       100%        4


Dungeon Overview and Level Annotations

Branches:
Dungeon (4/15)
 Temple: D:4-7

Altars:

Annotations:
D:3 1 runed translucent door, royokou's ghost, amateur DsNe


Innate Abilities, Weirdness & Mutations

You have a beak for a mouth.
You have claws for feet.
Your magical nature lets you fly swiftly and evasively.


Message History

No target in view!
Calm down first, please.
Calm down first, please.
You start waiting.
You feel a strong urge to attack something.
You start waiting.
You feel your anger nearly subside.
You are no longer berserk.
You are exhausted.
You feel yourself slow down.
You start waiting.
You feel yourself speed up.
There is a stone staircase leading down, spattered with blood here.
You see here a ball python corpse.
There is a stone staircase leading down, spattered with blood here.
You see here a ball python corpse.
You reach down and open the door.
There is an open door here.
You recover from your berserk rage.
There is an open door here.
There is a stone staircase leading up here.
Royokou's ghost turns its malevolent gaze towards you.
Key pressed, stopping explore.
Could not explore, unopened runed door.
Could not explore, unopened runed door.
Could not explore, unopened runed door.
Press: ? - help, v - describe, . - travel
Here: royokou's ghost, wielding a vorpal weapon (fire blocked by a runed translucent door)
The floor.
Unknown command.
There is a stone staircase leading down here.
You fly downwards.
The ogre shouts!
There is a stone staircase leading up here.
An ogre is nearby!
The ogre hits you with a +0 giant club!
You hit the ogre. You claw the ogre.
The ogre is moderately wounded.
The ogre hits you with a +0 giant club!!
Ouch! That really hurt!
You die...

#...#.#
#...#.###
..#........
#.#...#.#.#
#.#........
#.#......
#.#O..#
+.#@..#
#.#...#.#.
#.<........
#.#.....#..
#.#...#.#
#.#.......
#.#...#.###
+.#...#.#
#.#...# #


You could see an ogre.

Vanquished Creatures
  Terence (D:2)
  An orc wizard (D:3)
  Natasha (twice) (D:2)
  An adder (D:3)
  5 dart slugs
  4 orcs (D:3)
  5 ball pythons
  2 endoplasms
  A giant cockroach (D:2)
  A goblin (D:1)
  5 hobgoblins
  3 jackals (D:1)
  6 quokkas
  5 bats
  2 frilled lizards
  7 kobolds
  4 rats
55 creatures vanquished.

Notes
Turn   | Place    | Note
-------+----------+-------------------------------------------
     0 | D:1      | DocClef the Tengu Fighter began the quest for the Orb.
     0 | D:1      | Reached XP level 1. HP: 14/14 MP: 2/2
   163 | D:1      | Reached XP level 2. HP: 18/19 MP: 3/3
   396 | D:1      | Reached skill level 4 in Fighting
   489 | D:1      | Reached XP level 3. HP: 18/24 MP: 4/4
   727 | D:1      | Found a faded altar of an unknown god.
  1351 | D:2      | Noticed Terence
  1358 | D:2      | Killed Terence
  1359 | D:2      | Reached XP level 4. HP: 30/30 MP: 5/5
  1713 | D:2      | Reached skill level 5 in Fighting
  1768 | D:2      | Noticed Natasha
  1775 | D:2      | Killed Natasha
  1824 | D:2      | Noticed Natasha
  1832 | D:2      | Killed Natasha
  1833 | D:2      | Gained mutation: Your magical nature lets you fly swiftly
                  | and evasively. [Tengu growth]
  1833 | D:2      | Reached XP level 5. HP: 35/35 MP: 6/6
  2072 | D:3      | Found a runed translucent door.
  2076 | D:3      | Noticed royokou's ghost (amateur DsNe)
  2217 | D:3      | Reached skill level 6 in Fighting
  2801 | D:4      | Noticed an ogre
  2804 | D:4      | Slain by an ogre

Illustrated notes

Levels and vault maps discovered:
D:1:      dpeg_arrival_rooms_a, layout_basic,
          hellmonk_ecumenical_altar_heavens_door
D:2:      layout_basic, minmay_misc_feat_secret_circle, uniq_natasha,
          uniq_terence
D:3:      layout_basic, hellmonk_ghost_happy_afterlife
D:4:      layout_basic, jmf_multi_god_temple2, minmay_temple_entry_proselytizer,
          serial_shops, nicolae_shop_crystal, shop, nicolae_take_the_stairs,
          shop_fountains, minmay_misc_feat_more_columns

Skill      XL: |  1  2  3  4  5 |
---------------+----------------+-----
Fighting       | 4 5 6 |  6.1
Long Blades    | |  2.1
Armour         | |  3.2
Shields        | |  3.0

Action                   |  1- 3 |  4- 6 || total
-------------------------+-------+-------++-------
Melee: Long sword        |    63 |    53 ||   116
       Kick              |    18 |    16 ||    34
       Peck              |     8 |    11 ||    19
Armor: Scale mail        |    27 |    23 ||    50
Dodge: Dodged            |    23 |    38 ||    61
Block: Buckler           |    15 |       ||    15

Table legend: (Time is in decaauts)
 A = Elapsed time spent in this place.
 B = Non-inter-level travel time spent in this place.
 C = Inter-level travel time spent in this place.
 D = Time resting spent in this place.
 E = Time spent auto-exploring this place.
 F = Levels seen in this place.
 G = Mean time per level.
                   A        B        C        D        E       F      G
               +--------+--------+--------+--------+--------+-----+--------+
         Total |   2844 |   2718 |    126 |    143 |   2197 |   4 |  711.0 |
       Dungeon |   2844 |   2718 |    126 |    143 |   2197 |   4 |  711.0 |
               +--------+--------+--------+--------+--------+-----+--------+

Top non-repeatable levels by time:
     D:1: 1175 daAuts
     D:2: 870 daAuts
     D:3: 796 daAuts
     D:4: 2 daAuts
